 Dungeon Crawl Stone Soup version 0.27-a0-1189-gb8eb6cee8e (webtiles) character file.

Game seed: 10768837551581909237

74 senseless the Skirmisher (level 4, 0/37 HPs)
             Began as a Demonspawn Monk on May 22, 2021.
             Slain by Grinder (8 damage)
             ... on level 2 of the Dungeon.
             The game lasted 00:08:32 (2216 turns).

senseless the Skirmisher (Demonspawn Monk)          Turns: 2216, Time: 00:08:32

Health: 0/37       AC:  2    Str: 12    XL:     4   Next: 10%
Magic:  4/4        EV: 13    Int: 12    God:
Gold:   82         SH:  0    Dex: 15    Spells: 3/3 levels left

rFire    . . .     SeeInvis .     - Unarmed
rCold    . . .     Faith    .   (no shield)
rNeg     . . .     Spirit   .   d - +0 robe
rPois    .         Reflect  .   (helmet restricted)
rElec    .         Harm     .   (no cloak)
rCorr    .         Rampage  .   (no gloves)
Will     .....                  (no boots)
Stlth    ++........             (no amulet)
HPRegen  0.12/turn              (no ring)
MPRegen  0.09/turn              (no ring)

@: on berserk cooldown, slowed, very slow
A: antennae 1, spiny 1
a: no special abilities


You were on level 2 of the Dungeon.
You visited 1 branch of the dungeon, and saw 3 of its levels.

You collected 82 gold pieces.

Inventory:

Hand Weapons
 a - a +4 hunting sling
Armour
 d - a +0 robe (worn)
Potions
 b - 2 potions of curing {unknown}


   Skills:
 * Level 4.0 Fighting
 + Level 0.6 Slings
 + Level 3.2 Dodging
 - Level 1.7 Stealth
 + Level 3.1 Unarmed Combat


You had 3 spell levels left.
You didn't know any spells.
Your spell library contained the following spells:

 Spells                   Type           Power      Damage    Failure   Level
 Animate Skeleton         Necr           0%         N/A       32%         1
 Apportation              Tloc           0%         N/A       32%         1
 Corona                   Hex            0%         N/A       32%         1
 Summon Small Mammal      Summ           0%         N/A       32%         1


Dungeon Overview and Level Annotations

Branches:
Dungeon (3/15)

Altars:

Shops:
D:2 *

Annotations:
D:3 Grinder


Innate Abilities, Weirdness & Mutations

You have a pair of small antennae on your head.
You are partially covered in sharp spines.


Message History

Deactivating autopickup; reactivate with Ctrl-A.
No target in view!
Fire: 4 sling bullets
Press: ? - help, Q - select action Shift-Dir - straight line You shoot a sling bullet.
Fire: 3 sling bullets
Press: ? - help, Q - select action Shift-Dir - straight line You shoot a sling bullet.
Pain shoots through your body!
Fire: 2 sling bullets
Press: ? - help, Q - select action Shift-Dir - straight line You shoot a sling bullet.
You start resting.
Something tries to affect you, but you resist.
You start resting.
You sense a monster nearby.
Fire: sling bullet
Press: ? - help, Q - select action Shift-Dir - straight line You shoot a sling bullet.
You are now empty-handed.
Pain shoots through your body!
* * * LOW HITPOINT WARNING * * *
Something hits you.
* * * LOW HITPOINT WARNING * * *
You climb upwards.
Reactivating autopickup.
There is a stone staircase leading down here.
A red film seems to cover your vision as you go berserk!
You feel yourself moving faster!
You feel mighty!
You feel a strong urge to attack something.
Deactivating autopickup; reactivate with Ctrl-A.
You suddenly lose the ability to move!
You can move again.
There is a stone staircase leading down here.
You feel your anger nearly subside.
You are no longer berserk.
You are exhausted.
You feel yourself slow down.
Grinder appears from thin air!
Reactivating autopickup.
Grinder hits you!
You die...

#.#####.#.......#####.###.......#
#.##.......#.......##.# ##.....##
#.##.##....#.##.......# ##...##
#)##.##.####.##.##.#### ##.##
........# #.##..#.# ### #######.#
#.###.#.# .# #÷# #.......# .#
####.# #####5### ####...### #@#
#≈≈≈≈≈≈≈≈# #.# ####...#### #># .#
##.....# #.# .## #.....# ####.#
..######### #....# ........#
#.#### ....###.# #.# )....##.#
#.#


You could see Grinder.

Vanquished Creatures
  An adder (D:3)
  3 worms
  2 orcs (D:3)
  4 bats
  4 endoplasms
  3 giant cockroaches (D:1)
  6 goblins
  5 hobgoblins
  5 jackals
  3 kobolds
  3 quokkas (D:1)
  5 ball pythons
  2 frilled lizards
  7 rats
53 creatures vanquished.

Notes
Turn   | Place    | Note
-------+----------+-------------------------------------------
     0 | D:1      | senseless the Demonspawn Monk began the quest for the Orb.
     0 | D:1      | Reached XP level 1. HP: 18/18 MP: 1/1
    17 | D:1      | Noticed a minotaur skeleton
   114 | D:1      | Gained mutation: You have a pair of small antennae on your
                  | head. [demonic ancestry]
   114 | D:1      | Reached XP level 2. HP: 22/24 MP: 2/2
   843 | D:1      | Reached XP level 3. HP: 26/30 MP: 3/3
  1858 | D:2      | Found Etomauw's Assorted Antiques.
  2069 | D:3      | Reached skill level 4 in Fighting
  2120 | D:3      | Gained mutation: You are partially covered in sharp spines.
                  | [demonic ancestry]
  2120 | D:3      | Reached XP level 4. HP: 34/37 MP: 4/4
  2183 | D:3      | Noticed Grinder
  2209 | D:2      | Paralysed by something for 3 turns
  2216 | D:2      | Slain by Grinder

Illustrated notes

Levels and vault maps discovered:
D:1:      shiori_arrival_whats_in_store_for_you, layout_basic, hex_tiny
D:2:      layout_loops_cross, serial_shops, shop_statue,
          chequers_serial_rivers_micro_a
D:3:      layout_basic, old_standard_altar, cheibrodos_worm_habitat,
          grunt_temple_overflow_octagram, shapermc_ecumenical_altar_venn,
          grunt_decor_cap, uniq_sigmund, uniq_grinder

Skill      XL: |  1  2  3 |
---------------+----------+-----
Dodging        | 3 |  3.2
Unarmed Combat | 3 |  3.1
Fighting       | 4 |  4.0
Slings         | |  0.6
Stealth        | |  1.7

Action                   |  1- 3 |  4- 6 || total
-------------------------+-------+-------++-------
Melee: Unarmed           |   164 |     2 ||   166
       Punch             |     3 |       ||     3
 Fire: Hunting sling     |    35 |    14 ||    49
  Use: Scroll            |     4 |       ||     4
       Potion            |       |     1 ||     1
 Stab: Sleeping          |     5 |       ||     5
Armor: Robe              |    26 |       ||    26
Dodge: Dodged            |   116 |       ||   116

Table legend: (Time is in decaauts)
 A = Elapsed time spent in this place.
 B = Non-inter-level travel time spent in this place.
 C = Inter-level travel time spent in this place.
 D = Time resting spent in this place.
 E = Time spent auto-exploring this place.
 F = Levels seen in this place.
 G = Mean time per level.
                   A        B        C        D        E       F      G
               +--------+--------+--------+--------+--------+-----+--------+
         Total |   2208 |   2083 |    125 |     13 |   1684 |   3 |  736.0 |
       Dungeon |   2208 |   2083 |    125 |     13 |   1684 |   3 |  736.0 |
               +--------+--------+--------+--------+--------+-----+--------+

Top non-repeatable levels by time:
     D:1: 1279 daAuts
     D:2: 780 daAuts
     D:3: 148 daAuts
